Map: Goldenaura LE

Players

파닥다리

  • Race: Zerg Zerg
  • League: Platinum
  • Spawn Location: 12:00

KiRiN - Winner!

  • Race: Zerg Zerg
  • Spawn Location: 5:00

VOD

Have the link to the VOD?

Description

testing

Time

  • Played on: May 7, 2024, 12:34 p.m.
  • Length: 3:21
Show
View Real Time Build Order
Export as new Build Order

파닥다리 Zerg 

Build Orders: Hatch First 

Get SALT Encoding   

  12  0:00  Drone  
  13  0:12  Overlord  
  13  0:16  Drone  
  14  0:24  Extractor  
  14  0:25  Drone  
  15  0:35  Drone  
  16  0:51  Hatchery  
  16  0:54  Drone  
  16  0:58  Drone  
  16  1:02  Drone  
  18  1:08  Extractor  
  17  1:18  Spawning Pool  
  16  1:20  Drone  
  16  1:23  Drone  
  18  1:32  Drone  
  19  1:38  Drone  
  20  1:49  Overlord  
  20  2:01  Drone  
  20  2:05  Queen  
  20  2:06  Queen  
  25  2:13  Zergling x2  
  26  2:17  Zergling x2  
  26  2:21  Zergling x2  
  28  2:24  Zergling x2  
  28  2:26  Zergling x2  
  30  2:32  Zergling x2  
  30  2:36  Zergling x2  
  32  2:44  Zergling x2  
  33  2:53  Zergling x2  
  33  2:57  Zergling x4  
Show
View Real Time Build Order
Export as new Build Order

KiRiN Zerg - Winner!

Build Orders: Pool Only 

Get SALT Encoding   

  12  0:01  Drone  
  13  0:22  Spawning Pool  
  13  0:27  Extractor  
  13  0:28  Drone  
  12  0:34  Drone  
  13  0:43  Overlord  
  13  0:51  Drone  
  14  1:01  Drone  
  14  1:03  Overlord  
  15  1:15  Queen  
  17  1:20  Zergling x2  
  18  1:26  Zergling x2  
  19  1:34  Overlord  
  19  1:40  Metabolic Boost  
  19  1:45  Zergling x2  
  20  1:54  Zergling x2  
  21  2:07  Zergling x2  
  22  2:17  Zergling x2  
  23  2:25  Zergling x4  
  23  2:26  Zergling x2  
  26  2:35  Zergling x2  
  26  2:37  Queen  
  27  2:40  Zergling x2  
  30  2:49  Overlord  
  30  2:54  Zergling x2  
  30  2:55  Zergling x4  
Tags
 
League
Platinum
Matchup
ZvZ
Race
Zerg
Spawn Locations
Cross Positions
Add a new tag
Caveats
  • Supply blocks, unpowered buildings, or Contaminate may cause inaccurate times.
  • Supply counts are checked every 10 seconds.